[gd_scene load_steps=8 format=3 uid="uid://h0pjed41lu5b"]

[ext_resource type="Script" path="res://scripts/Teleport.gd" id="1"]
[ext_resource type="FontFile" uid="uid://mpe86homv2rs" path="res://fonts/kenvector_future.ttf" id="2"]

[sub_resource type="CircleShape2D" id="1"]
radius = 16.0

[sub_resource type="StyleBoxFlat" id="StyleBoxFlat_s7rsg"]
bg_color = Color(0, 0, 0, 0.4)
skew = Vector2(1, 0)
expand_margin_left = 32.0
expand_margin_right = 32.0

[sub_resource type="FontFile" id="2"]
subpixel_positioning = 0
msdf_pixel_range = 14
msdf_size = 128
fallbacks = Array[Font]([ExtResource("2")])
cache/0/16/0/ascent = 0.0
cache/0/16/0/descent = 0.0
cache/0/16/0/underline_position = 0.0
cache/0/16/0/underline_thickness = 0.0
cache/0/16/0/scale = 1.0
cache/0/16/0/kerning_overrides/16/0 = Vector2(0, 0)

[sub_resource type="Animation" id="Animation_qpprv"]
resource_name = "ActionAnimation"
length = 0.25
step = 0.01
tracks/0/type = "value"
tracks/0/imported = false
tracks/0/enabled = true
tracks/0/path = NodePath("Control/Label:modulate")
tracks/0/interp = 2
tracks/0/loop_wrap = true
tracks/0/keys = {
"times": PackedFloat32Array(0.05, 0.25),
"transitions": PackedFloat32Array(1, 1),
"update": 0,
"values": [Color(1, 1, 1, 0), Color(1, 1, 1, 1)]
}
tracks/1/type = "bezier"
tracks/1/imported = false
tracks/1/enabled = true
tracks/1/path = NodePath("Control/Panel:scale:x")
tracks/1/interp = 1
tracks/1/loop_wrap = true
tracks/1/keys = {
"handle_modes": PackedInt32Array(0, 0),
"points": PackedFloat32Array(0, -0.25, 0, 0.12, 0.641193, 1, -0.25, -0.267285, 0.25, 0),
"times": PackedFloat32Array(0, 0.25)
}
tracks/2/type = "bezier"
tracks/2/imported = false
tracks/2/enabled = true
tracks/2/path = NodePath("Control/Panel:scale:y")
tracks/2/interp = 1
tracks/2/loop_wrap = true
tracks/2/keys = {
"handle_modes": PackedInt32Array(),
"points": PackedFloat32Array(),
"times": PackedFloat32Array()
}

[sub_resource type="AnimationLibrary" id="AnimationLibrary_ttb8i"]
_data = {
"Show": SubResource("Animation_qpprv")
}

[node name="Teleport" type="Area2D"]
script = ExtResource("1")

[node name="CollisionShape2D" type="CollisionShape2D" parent="."]
shape = SubResource("1")

[node name="CanvasLayer" type="CanvasLayer" parent="."]

[node name="Control" type="Control" parent="CanvasLayer"]
layout_mode = 3
anchor_left = 0.5
anchor_top = 0.6
anchor_right = 0.5
anchor_bottom = 0.6
offset_left = -122.0
offset_top = -20.0
offset_right = 122.0
offset_bottom = 20.0
grow_horizontal = 2
grow_vertical = 2

[node name="Panel" type="Panel" parent="CanvasLayer/Control"]
layout_mode = 0
offset_right = 244.0
offset_bottom = 40.0
scale = Vector2(1e-05, 1)
pivot_offset = Vector2(122, 20)
theme_override_styles/panel = SubResource("StyleBoxFlat_s7rsg")

[node name="Label" type="Label" parent="CanvasLayer/Control"]
modulate = Color(1, 1, 1, 0)
layout_mode = 2
offset_top = 9.0
offset_right = 244.0
offset_bottom = 30.0
theme_override_fonts/font = SubResource("2")
text = "Press SPACE to enter."

[node name="AnimationPlayer" type="AnimationPlayer" parent="CanvasLayer/Control"]
root_node = NodePath("../..")
libraries = {
"": SubResource("AnimationLibrary_ttb8i")
}

[connection signal="area_entered" from="." to="." method="_on_Teleport_area_entered"]
[connection signal="area_exited" from="." to="." method="_on_Teleport_area_exited"]
